 Dungeon Crawl Stone Soup version 0.29.1-14-g9c671dbff4 (webtiles) character file.

Game seed: 10210909884747964781

3701 croobank the Covert (level 10, -5/68 HPs)
             Began as an Octopode Delver on Feb 14, 2023.
             Was an Initiate of Gozag.
             Slain by a killer bee (7 damage)
             ... on level 7 of the Dungeon.
             The game lasted 00:37:12 (11344 turns).

croobank the Covert (Octopode Delver)              Turns: 11344, Time: 00:37:13

Health: -5/68      AC:  1    Str: 10    XL:     10   Next: 13%
Magic:  6/20       EV: 16    Int: 27    God:    Gozag
Gold:   889        SH:  0    Dex: 19    Spells: 16/22 levels left

rFire   . . .      SeeInvis .   s - +0 trident
rCold   . . .      Faith    .   (no shield)
rNeg    . . .      Spirit   .   (helmet restricted)
rPois   .          Reflect  .   (no amulet)
rElec   .          Harm     .   k - +6 ring of intelligence
rCorr   .          Rampage  .   D - +6 ring of dexterity
Will    .....                   (no ring)
Stlth   ++++++....              (no ring)
HPRegen 0.21/turn               (no ring)
MPRegen 0.17/turn               (no ring)
                                (no ring)
                                (no ring)

@: gold aura, very slightly contaminated
A: almost no armour, amphibious, 8 rings, camouflage 1, gelatinous body 1,
(nimble swimmer 1), tentacles, clever 1, subdued magic 1
a: Renounce Religion, Potion Petition, Call Merchant, Bribe Branch


You were on level 7 of the Dungeon.
You worshipped Gozag.
Gozag was pleased with you.
You visited 2 branches of the dungeon, and saw 10 of its levels.

You collected 1077 gold pieces.
You paid 188 gold pieces to Gozag.

Inventory:

Hand Weapons
 c - a +1 whip of venom
 i - a +5 dire flail
 j - a +3 short sword
 n - a +0 dagger
 p - a +1 hand axe of draining
 s - a +0 trident (weapon)
 x - a +0 war axe
 C - a +1 vorpal flail
 H - a +1 short sword of holy wrath
Missiles
 h - 11 poisoned darts
Armour
 q - a +0 buckler
Magical Staves
 g - a staff of earth
Jewellery
 k - a +6 ring of intelligence (left tentacle)
 D - a +6 ring of dexterity (right tentacle)
Wands
 f - a wand of digging (3)
Scrolls
 b - a scroll of fog
 d - a scroll of silence
 r - a scroll of acquirement {unknown}
 v - a scroll of noise
 y - a scroll of amnesia
 z - a scroll of enchant armour
 A - 2 scrolls of vulnerability
 E - a scroll of immolation
 G - a scroll of identify
Potions
 e - 3 potions of haste
 l - 2 potions of flight
 m - 4 potions of mutation
 u - 2 potions of brilliance


   Skills:
 + Level 6.0 Fighting
 + Level 5.5 Axes
 + Level 5.6 Dodging
 + Level 10.1 Stealth
 * Level 6.7 Spellcasting
 + Level 3.2 Conjurations
 + Level 3.3 Air Magic
 + Level 3.7 Poison Magic


You had 16 spell levels left.
You knew the following spells:

 Your Spells              Type           Power      Damage    Failure   Level
a - Mephitic Cloud        Conj/Pois/Air  21%        N/A       3%          3
b - Ignite Poison         Fire/Tmut/Pois 12%        N/A       9%          3

Your spell library contained the following spells:

 Spells                   Type           Power      Damage    Failure   Level
 Apportation              Tloc           12%        N/A       4%          1
 Necrotise                Necr           24%        1d5       4%          1
 Summon Small Mammal      Summ           24%        N/A       4%          1
 Gell's Gravitas          Tloc           6%         N/A       16%         3
 Lesser Beckoning         Tloc           6%         N/A       16%         3
 Teleport Other           Tloc           6%         N/A       16%         3
 Freezing Cloud           Conj/Ice/Air   7%         6-21      52%         5


Dungeon Overview and Level Annotations

Branches:
Dungeon (9/15)             Temple (1/1) D:4
   Lair: D:8-11         Orc: D:9-12

Altars:
Dithmenos
Elyvilon
Gozag
Hepliaklqana
Kikubaaqudgha
Makhleb
Okawaru
Qazlal
Ru
Sif Muna
Trog
Uskayaw
Vehumet
Wu Jian
Xom
Yredelemnul
Zin
The Shining One

Annotations:
D:3 1 runed translucent door, Crazy Yiuf
D:4 exclusion: hornet
D:5 2 runed translucent doors, Sigmund


Innate Abilities, Weirdness & Mutations

You cannot wear most types of armour.
You are amphibious.
You can wear up to eight rings at the same time.
Your skin changes colour to match your surroundings (Stealth+).
Your rubbery body absorbs attacks. (AC +1, EV +1)
((You are camouflaged when in or above water. (Stealth+)))
You have tentacles for arms and can constrict up to eight enemies at once.
Your mind is acute. (Int +4, Str/Dex -1)
Your spells are a little easier to cast, but a little less powerful.


Message History

Confirm with . or Enter, or press ? or * to list all spells.
You ignite the poison in your surroundings!
* * * LOW HITPOINT WARNING * * *
You feel sick.
The killer bee is engulfed in blazing flames.
You kill the killer bee!
* * * LOW HITPOINT WARNING * * *
You feel sick.
* * * LOW HITPOINT WARNING * * *
You feel sick.
You feel sick.
You feel sick.
Casting: Ignite Poison (dangerous; 9% risk of failure)
Confirm with . or Enter, or press ? or * to list all spells.
Aiming: Mephitic Cloud (dangerous; 3% risk of failure)
Press: ? - help, Shift-Dir - straight line, f - killer bee
Aim: a killer bee (chance to affect: 86%)
You miscast Mephitic Cloud.
You are very lightly contaminated with residual magic.
Nothing appears to happen.
You feel sick.
Casting: Mephitic Cloud (dangerous; 3% risk of failure)
Confirm with . or Enter, or press ? or * to list all spells.
Aiming: Mephitic Cloud (dangerous; 3% risk of failure)
Press: ? - help, Shift-Dir - straight line, f/p - killer bee
Aim: a killer bee (chance to affect: 86%) That beam is likely to hit you.
Continue anyway?
The ball explodes into a vile cloud!
The stinking cloud engulfs the killer bee but does no damage.
The stinking cloud engulfs you but does no damage.
You feel sick.
The killer bee is engulfed in noxious fumes.
The killer bee appears confused.
The killer bee misses you.
The killer bee is engulfed in noxious fumes.
The killer bee appears confused.
You feel sick.
You are no longer poisoned.
The killer bee is engulfed in noxious fumes.
The killer bee appears confused.
The killer bee stings you!
You die...
Your body crumbles into a pile of gold.

##.# #.##........###.#.#########
...# #.##.###..................#
##.# #.##.#
#........y>#######.## ##.#
#.##.###..#####$### #... #.#
#.##......### #.# #### ##.#
#..........○###.# ...#
#######....☼☼☼..# ####
###.#y##### #.#@# #########
#.#.# #........ #.#.# #.#######
#############.#.# #.##.....
#............^#.########.##.####
#.#############.......>.....#
##.# ##########.#### ...# #.#
#### #.#######


You could see a killer bee (confused).

Vanquished Creatures
  A two-headed ogre (D:8)
  3 yaks (D:8)
  2 water moccasins
  A sky beast (D:4)
  2 ice beasts (D:6)
  A centaur (D:7)
  3 bullfrogs
  2 kobold brigands
  A necrophage (D:4)
  A gnoll sergeant (D:8)
  4 scorpions
  3 wights (D:8)
  10 killer bees
  2 howler monkeys
  2 hounds
  5 orc priests
  Jessica (D:2)
  6 iguanas
  3 orc wizards
  5 adders
  12 gnolls
  An ufetubus (D:4)
  A worm (D:2)
  2 dart slugs
  24 orcs
  4 bats
  6 endoplasms
  2 giant cockroaches (D:1)
  8 hobgoblins
  4 jackals (D:1)
  15 kobolds
  4 quokkas
  8 ball pythons
  4 frilled lizards
  7 goblins
  2 rats
162 creatures vanquished.

Vanquished Creatures (others)
  A killer bee (D:8)
1 creature vanquished.

Grand Total: 163 creatures vanquished

Notes
Turn   | Place    | Note
-------+----------+-------------------------------------------
     0 | D:5      | croobank the Octopode Delver began the quest for the Orb.
     0 | D:5      | Reached XP level 1. HP: 16/16 MP: 1/1
    10 | D:5      | Noticed a scorpion
    80 | D:7      | Noticed a centaur
    92 | D:6      | Noticed an ice beast
   180 | D:5      | Noticed a scorpion
   181 | D:5      | Noticed Sigmund
   246 | D:4      | Found a staircase to the Ecumenical Temple.
   251 | Temple   | Entered the Ecumenical Temple
   350 | D:5      | Noticed a howler monkey
   410 | D:3      | Found a white marble altar of Elyvilon.
   668 | D:2      | Reached XP level 2. HP: 21/21 MP: 2/2
   974 | D:2      | Noticed Jessica
   980 | D:2      | Killed Jessica
   981 | D:2      | Reached skill level 1 in Spellcasting
   981 | D:2      | Reached XP level 3. HP: 15/26 MP: 2/4
  1211 | D:2      | Reached skill level 7 in Stealth
  1637 | D:1      | Reached XP level 4. HP: 31/31 MP: 5/5
  2077 | D:1      | Found a faded altar of an unknown god.
  3020 | D:3      | Reached XP level 5. HP: 28/36 MP: 8/8
  3203 | D:3      | Found a bloodstained altar of Trog.
  3241 | D:3      | Found a runed translucent door.
  3242 | D:3      | Noticed Crazy Yiuf
  3666 | D:3      | Reached XP level 6. HP: 43/43 MP: 9/9
  3781 | D:3      | Found an ornate altar of the Wu Jian Council.
  4097 | D:4      | Gained mutation: Your mind is acute. (Int +4, Str/Dex -1)
                  | [potion of mutation]
  4097 | D:4      | Gained mutation: Your spells are a little easier to cast,
                  | but a little less powerful. [potion of mutation]
  4845 | D:4      | Reached XP level 7. HP: 39/48 MP: 10/12
  5026 | D:4      | You fall into a shaft and drop 1 floor!
  5026 | D:5      | Found an ancient bone altar of Kikubaaqudgha.
  5077 | D:5      | Reached skill level 8 in Stealth
  5845 | D:4      | Noticed a hornet
  6086 | Temple   | Became a worshipper of Gozag Ym Sagoz the Greedy
  6268 | D:5      | Found a large runed translucent door.
  6268 | D:5      | Found a large runed translucent door.
  7423 | D:6      | Reached XP level 8. HP: 37/54 MP: 14/14
  7437 | D:6      | Learned a level 3 spell: Mephitic Cloud
  7965 | D:6      | Reached skill level 5 in Spellcasting
  7979 | D:6      | Reached skill level 5 in Fighting
  7995 | D:6      | Reached skill level 9 in Stealth
  7995 | D:6      | Reached skill level 1 in Poison Magic
  8482 | D:7      | Reached skill level 1 in Conjurations
  8482 | D:7      | Reached skill level 1 in Air Magic
  8690 | D:7      | Reached XP level 9. HP: 36/61 MP: 9/17
  8889 | D:7      | HP: 4/91 [centaur/+0 whip (8)]
  9487 | D:7      | Reached skill level 5 in Dodging
  9869 | D:7      | Learned a level 3 spell: Ignite Poison
  9923 | D:8      | Noticed a two-headed ogre
 10057 | D:8      | Killed a two-headed ogre
 10058 | D:8      | Reached skill level 5 in Axes
 10708 | D:8      | Reached XP level 10. HP: 42/66 MP: 1/19
 10831 | D:8      | Reached skill level 10 in Stealth
 11342 | D:7      | HP: 3/68 [poisoned by a killer bee]
 11344 | D:7      | Slain by a killer bee

Illustrated notes

Levels and vault maps discovered:
D:1:      minmay_arrival_wavy_path, layout_basic,
          ebering_ecumenical_altar_abandoned, minmay_quantized
D:2:      layout_loops_cross, grunt_ministairs_2, uniq_jessica
D:3:      layout_rooms, mainiacjoe_overflow_alcove_4,
          nicolae_elyvilon_peaceful_grove, nicolae_wu_jian_immortal_techniques,
          minmay_increasing_density, uniq_crazy_yiuf_cottage
D:4:      layout_cave_pools, minmay_temple_entry_from_below_a,
          kennysheep_generic_room_16
D:5:      layout_loops_cross, jmf_multi_god_temple2, amcnicky_altar_gilded,
          uniq_sigmund
D:6:      layout_rooms
D:7:      layout_loops_ring, enter_bailey_7
D:8:      layout_basic
D:9:      layout_loops_ring, fedhas_altar_fruit_tree, lemuel_round_altar,
          minmay_bent
Temple:   eino_narrow_crystal_temple

Skill      XL: |  1  2  3  4  5  6  7  8  9 10 |
---------------+-------------------------------+-----
Spellcasting   | 1 2 3 4 5 6 |  6.7
Stealth        | 7 8 9 10 | 10.1
Axes           | 3 4 5 |  5.5
Dodging        | 3 4 5 |  5.6
Fighting       | 4 5 6 |  6.0
Poison Magic   | 1 3 |  3.7
Conjurations   | 1 3 |  3.2
Air Magic      | 1 3 |  3.3

Action                   |  1- 3 |  4- 6 |  7- 9 | 10-12 || total
-------------------------+-------+-------+-------+-------++-------
Melee: Hand axe          |    40 |   145 |   145 |       ||   330
       Constrict         |     9 |    32 |    40 |     4 ||    85
       Tentacles         |     5 |    29 |    31 |     3 ||    68
       Punch             |       |     3 |       |       ||     3
       Trident           |       |       |    51 |    17 ||    68
Throw: Dart              |       |     2 |       |       ||     2
 Cast: Mephitic Cloud    |       |       |    33 |     9 ||    42
       Ignite Poison     |       |       |    11 |     5 ||    16
  Use: Scroll            |     1 |    14 |     6 |     2 ||    23
       Potion            |       |    10 |    10 |     1 ||    21
 Stab: Sleeping          |     7 |    17 |     5 |       ||    29
       Invisible         |       |     2 |       |       ||     2
       Confused          |       |       |     8 |       ||     8
       Distracted        |       |       |     1 |       ||     1
Armor: Skin              |       |     9 |    72 |       ||    81
Dodge: Dodged            |    15 |    70 |   153 |    28 ||   266
